 Dungeon Crawl Stone Soup version 0.19-a0-1225-gf887c1c (webtiles) character file.

1388 LORDOFBUTT the Covered (level 8, -1/69 HPs)
             Began as a Minotaur Fighter on Aug 26, 2016.
             Slain by an orc warrior
             ... wielding a +1 halberd of chopping
              (19 damage)
             ... on level 5 of the Dungeon.
             The game lasted 00:06:24 (3895 turns).

LORDOFBUTT the Covered (Minotaur Fighter)           Turns: 3895, Time: 00:06:24

Health: -1/69      AC:  7    Str: 20    XL:     8   Next: 40%
Magic:  9/9        EV: 12    Int:  5    God:
Gold:   385        SH:  0    Dex: 13    Spells: 0 memorised, 7 levels left

rFire  . . .     SeeInvis .     q - +2 halberd (freeze)
rCold  . . .     Gourm    .     b - +0 scale mail
rNeg   . . .     Faith    .     (shield currently unavailable)
rPois  .         Spirit   .     (helmet restricted)
rElec  .         Dismiss  .     (no cloak)
rCorr  .         Reflect  .     (no gloves)
MR     .....     Harm     .     (no boots)
Stlth  ..........               (no amulet)
                                (no ring)
                                (no ring)

@: no status effects
A: retaliatory headbutt, horns 2
a: no special abilities


You were on level 5 of the Dungeon.
You were not hungry.

You visited 1 branch of the dungeon, and saw 5 of its levels.
You also visited: Ossuary.

You collected 385 gold pieces.

Inventory:

Hand Weapons
 q - a +2 halberd of freezing (weapon)
Armour
 b - a +0 scale mail (worn)
Jewellery
 i - an uncursed ring of flight
 l - an uncursed amulet of harm
Wands
 a - a wand of iceblast (8/15)
 e - a wand of polymorph (11/24)
Scrolls
 d - 2 scrolls of remove curse
 o - a scroll of fear {unknown}
 p - a scroll of amnesia {unknown}
 t - 2 scrolls of teleportation
Potions
 c - a potion of resistance {unknown}
 g - a potion of ambrosia {unknown}
 h - a potion of mutation
 j - a potion of brilliance {unknown}
 m - 2 potions of magic
 r - a potion of heal wounds {unknown}
 s - 4 potions of curing
 u - a potion of agility {unknown}
 v - a potion of lignification {unknown}
 w - a potion of invisibility {unknown}
 x - 2 potions of flight
Books
 n - a book of Party Tricks

   Spells                             Type                      Level
   a - Summon Butterflies             Summoning                    1
   b - Apportation                    Translocation                1
   c - Tukima's Dance                 Hexes                        3
   d - Alistair's Intoxication        Transmutation/Poison         5
   e - Invisibility                   Hexes                        6
Comestibles
 f - a bread ration
 k - a meat ration


   Skills:
 + Level 5.5 Fighting
 + Level 5.6 Polearms
 + Level 6.7 Armour
 + Level 4.0 Dodging
 + Level 0.8 Stealth
   Level 6.3 Shields
 * Level 3.5 Evocations


You had 7 spell levels left.
You didn't know any spells.

Dungeon Overview and Level Annotations

Branches:
Dungeon (5/15)
 Temple: D:4-7

Altars:
Elyvilon


Innate Abilities, Weirdness & Mutations

You reflexively headbutt those who attack you in melee.
You have a pair of horns on your head.


Message History

The orc warrior is heavily wounded.
The orc warrior barely misses you.
Attack whom?
Press: ? - help, Dir - move target cursor, f/p - orc warrior
Aim: an orc warrior, wielding a halberd of chopping and wearing a chain mail (heavily wounded)
You reach to attack!
You closely miss the orc warrior.
The orc warrior is heavily wounded.
The orc warrior hits you from afar with a halberd of chopping.
* * * LOW HITPOINT WARNING * * *
x2 The orc warrior misses you.
You are too injured to fight recklessly!
You are too injured to fight recklessly!
You are too injured to fight recklessly!
You are too injured to fight recklessly!
Things that are here:
a falchion; a dagger; a robe You hit the orc warrior.
You freeze the orc warrior.
The orc warrior is severely wounded.
The orc warrior hits you with a halberd of chopping!!
You die...

# #..###.###.#.#
#..... #.# #....
#..#.. ..# ###.#
..#.# ## #.# # ..#.#
# #<# #. #.#.# ..#
#.# ####.##.#.####..#
####.#
..$...#.#.)..)..#.
......
#......@o......
.####.
#.##.########## #.
#.############## #.
#..............# #.
##############.#####.
#....... ########


You could see an orc warrior.

Vanquished Creatures
  Sigmund (D:4)
  2 phantoms (D:4)
  2 ogres (D:4)
  A big kobold (D:4)
  Blork the orc (D:4)
  2 hounds (D:4)
  2 orc priests
  4 orc wizards
  A giant frog skeleton (D:4)
  An iguana (D:4)
  4 worker ants
  8 mummies (Ossuary)
  Robin (D:2)
  7 gnolls
  6 adders
  3 oozes
  2 adder skeletons (D:4)
  2 worms
  7 dart slugs
  6 giant geckos
  7 orcs
  2 ball pythons
  7 bats
  A giant cockroach (D:3)
  10 hobgoblins
  4 kobolds
  2 quokkas
  5 giant newts
  13 goblins
  5 hobgoblin zombies (Ossuary)
  2 kobold zombies (Ossuary)
  An orc zombie (Ossuary)
  A quokka skeleton (D:4)
  2 rats
125 creatures vanquished.

Notes
Turn   | Place    | Note
-------+----------+-------------------------------------------
     0 | D:1      | LORDOFBUTT the Minotaur Fighter began the quest for the Orb.
     0 | D:1      | Reached XP level 1. HP: 19/19 MP: 0/0
    74 | D:1      | Reached XP level 2. HP: 22/27 MP: 1/1
   592 | D:2      | Found a white marble altar of Elyvilon.
   634 | D:2      | Reached XP level 3. HP: 24/33 MP: 2/2
   785 | D:2      | Reached skill level 1 in Dodging
   791 | D:2      | Noticed Robin
   801 | D:2      | Killed Robin
   802 | D:2      | Reached XP level 4. HP: 29/40 MP: 3/3
  1117 | D:3      | Reached skill level 1 in Evocations
  1130 | D:3      | Reached XP level 5. HP: 26/46 MP: 4/4
  1314 | D:3      | Reached skill level 5 in Shields
  1988 | D:3      | Reached XP level 6. HP: 28/53 MP: 6/6
  2163 | D:4      | Noticed Sigmund
  2177 | D:4      | Noticed Blork the orc
  2182 | D:4      | Killed Blork the orc
  2187 | D:4      | Reached skill level 5 in Armour
  2328 | D:4      | Killed Sigmund
  2328 | D:4      | Reached XP level 7. HP: 18/60 MP: 6/8
  2347 | D:4      | Reached skill level 5 in Fighting
  2993 | D:4      | Reached skill level 5 in Polearms
  2993 | D:4      | Reached XP level 8. HP: 26/68 MP: 9/9
  3328 | D:5      | Entered Level 5 of the Dungeon
  3364 | D:5      | Found a sand-covered staircase.
  3422 | Ossuary  | Entered an ossuary
  3895 | D:5      | Slain by an orc warrior

Vault maps used:
D:1:      lemuel_arrival_funnel, minmay_circled_x
D:2:      overflow_temple_1_default, first_bread, minivault_26, uniq_robin
D:4:      uniq_blork_the_orc, uniq_sigmund
D:5:      nicolae_ossuary_entry_false_entrances, kennysheep_okawaru_gauntlet
Ossuary:  ossuary_tomb_3

Skill      XL: |  1  2  3  4  5  6  7  8 |
---------------+-------------------------+-----
Shields        | 4 5 6 |  6.3
Armour         | 4 5 6 |  6.7
Dodging        | 1 2 3 4 |  4.0
Fighting       | 4 5 |  5.5
Polearms       | 3 4 5 |  5.6
Evocations     | 1 2 3 |  3.5
Stealth        | |  0.8

Action                   |  1- 3 |  4- 6 |  7- 9 || total
-------------------------+-------+-------+-------++-------
Melee: Trident           |   114 |   148 |    73 ||   335
       Headbutt          |    10 |    26 |    33 ||    69
       Halberd           |       |       |    73 ||    73
  Use: Scroll            |     5 |     2 |     2 ||     9
       Potion            |     1 |       |     1 ||     2
  Eat: Pizza             |       |     1 |       ||     1
       Bread ration      |       |     1 |       ||     1
       Chunk             |       |     1 |       ||     1
       Meat ration       |       |       |     1 ||     1
Armor: Scale mail        |    59 |    43 |    27 ||   129
Dodge: Dodged            |    27 |    40 |    63 ||   130
Block: Shield            |    56 |    73 |    26 ||   155
